 Dungeon Sprint DCSS version 0.30.1-11-g7821555f0a (webtiles) character file.

Game seed: 2290988785061450955

10781 Groucho the Earth Mage (level 11, -11/64 HPs)
             Began as a Deep Elf Earth Elementalist on Jan 7, 2024.
             Was the Champion of Sif Muna.
             Shot with a bolt by an orc knight (15 damage)
             ... in the Dungeon (Sprint IX: "|||||||||||||||||||||||||||||").
             The game lasted 00:15:36 (7453 turns).

Groucho the Earth Mage (DEEE)                       Turns: 7453, Time: 00:15:36

Health: -11/64     AC:  5    Str: 11    XL:     11   Next: 40%
Magic:  19/29      EV: 12    Int: 25    God:    Sif Muna [******]
Gold:   773        SH:  0    Dex: 15    Spells: 22/40 levels left

rFire   . . .        k - +2 rapier (drain)
rCold   . . .        (no shield)
rNeg    . . .        a - +0 robe
rPois   .            g - +0 helmet
rElec   .            l - +0 cloak
rCorr   .            (no gloves)
SInv    .            m - +0 pair of boots
Will    +....        (no amulet)
Stlth   ++++         n - +3 ring of strength
HPRegen 0.30/turn    o - +3 ring of strength
MPRegen 0.21/turn

%: no teleportation
@: no status effects
A: low MP 1
a: Renounce Religion, Channel Magic, Forget Spell, Divine Exegesis


You were in the Dungeon.
You worshipped Sif Muna.
Sif Muna was exalted by your worship.
You visited 1 branch You collected 773 gold pieces.

Inventory:

Hand Weapons
 j - a +2 halberd of protection
 k - a +2 rapier of draining (weapon)
Armour
 a - a +0 robe (worn)
 g - a +0 helmet (worn)
 l - a +0 cloak (worn)
 m - a +0 pair of boots (worn)
 p - a +1 chain mail
Jewellery
 n - a +3 ring of strength (left hand)
 o - a +3 ring of strength (right hand)
Wands
 i - a wand of acid (10)
Scrolls
 h - 3 scrolls of amnesia
 r - 3 scrolls of identify
 s - a scroll of fog
 t - 4 scrolls of enchant armour
 u - a scroll of poison
Potions
 b - 4 potions of magic
 c - 2 potions of resistance
 d - 2 potions of might
 e - 5 potions of curing
 f - a potion of berserk rage


   Skills:
 + Level 6.2 Fighting
 + Level 7.4 Short Blades
 + Level 4.0 Armour
 - Level 2.4 Dodging
 + Level 9.8 Stealth
 - Level 15.0 Spellcasting
 * Level 11.5 Conjurations
 + Level 4.2 Summonings
 + Level 5.6 Necromancy
 + Level 8.2 Transmutations
 + Level 5.0 Fire Magic
 + Level 16.1 Earth Magic
 + Level 8.1 Invocations
 + Level 5.5 Evocations


You had 22 spell levels left.
You knew the following spells:

 Your Spells              Type           Power      Damage    Failure   Level
a - Sandblast             Erth           100%       2d20      0%          1
b - Stone Arrow           Conj/Erth      100%       3d13      1%          3
c - Petrify               Tmut/Erth      68%        N/A       1%          4
d - Irradiate             Conj/Tmut      31%        3d22      1%          5
e - Lee's Rapid Deconstr  Erth           39%        3d19*     1%          5

Your spell library contained the following spells:

 Spells                   Type           Power      Damage    Failure   Level
 Shock                    Conj/Air       100%       1d9       1%          1
 Cigotuvi's Dreadful Rot  Necr/Pois/Air  56%        N/A       1%          2
 Passwall                 Tmut/Erth      56%        N/A       1%          2
 Scorch                   Fire           86%        2d8       1%          2
 Static Discharge         Conj/Air       94%        2-6/arc   1%          2
 Flame Wave               Conj/Fire      57%        2d14      1%          4
 Leda's Liquefaction      Hex/Erth       28%        N/A       1%          4
 Blade Hands              Tmut           28%        N/A       2%          5
 Dispel Undead            Necr           47%        3d18      3%          4
 Statue Form              Tmut/Erth      45%        N/A       3%          6
 Swiftness                Air            18%        N/A       9%          3
 Alistair's Intoxication  Tmut/Pois      26%        N/A       16%         5
 Yara's Violent Unravell  Hex/Tmut       19%        3d9       16%         5
 Death Channel            Necr           23%        N/A       41%         6
 Summon Cactus Giant      Summ           20%        N/A       61%         6
 Silence                  Hex/Air        9%         N/A       63%         5
 Eringya's Noxious Bog    Tmut/Pois      19%        N/A       63%         6
 Monstrous Menagerie      Summ           20%        N/A       99%         7
 Summon Hydra             Summ           20%        N/A       99%         7
 Malign Gateway           Summ/Tloc      14%        N/A       100%        7
 Chain Lightning          Conj/Air       23%        3d31      100%        9


Dungeon Overview and Level Annotations

Branches:
Dungeon (1/1)

Altars:
Cheibriados
Dithmenos
Elyvilon
Fedhas
Gozag
Hepliaklqana
Kikubaaqudgha
Makhleb
Nemelex Xobeh
Okawaru
Qazlal
Ru
Sif Muna
Trog
Uskayaw
Vehumet
Wu Jian
Xom
Yredelemnul
Zin
The Shining One
Jiyva
Lugonu


Innate Abilities, Weirdness & Mutations

Your magical capacity is low. (-10% MP)


Message History

Things that are here:
a +0 dagger; a +0 robe An orc knight is nearby!
Casting: Petrify (safe; 1% risk of failure)
Confirm with . or Enter, or press ? or * to list all spells.
Aiming: Petrify (safe; 1% risk of failure)
Press: ? - help, Shift-Dir - straight line, f - orc knight
Aim: an orc knight, wielding a +0 battleaxe and wearing a +0 plate armour (wandering, hasn't noticed you, chance to affect: 63%)
The orc knight shouts!
The orc knight resists with significant effort.
The orc knight unwields a +0 battleaxe.
The orc knight wields a +0 arbalest.
The orc knight shoots a bolt.
The bolt hits you!!
Unknown command.
Unknown command.
Casting: Petrify (safe; 1% risk of failure)
Confirm with . or Enter, or press ? or * to list all spells.
Aiming: Petrify (safe; 1% risk of failure)
Press: ? - help, Shift-Dir - straight line, f/p - orc knight
Aim: an orc knight, wielding a +0 arbalest and wearing a +0 plate armour (chance to affect: 63%)
The orc knight resists with significant effort.
The orc knight shoots a bolt.
The bolt barely misses you.
Unknown command.
Unknown command.
Unknown command.
Casting: Petrify (safe; 1% risk of failure)
Confirm with . or Enter, or press ? or * to list all spells.
Aiming: Petrify (safe; 1% risk of failure)
Press: ? - help, Shift-Dir - straight line, f/p - orc knight
Aim: an orc knight, wielding a +0 arbalest and wearing a +0 plate armour (chance to affect: 63%)
The orc knight is moving more slowly.
The orc knight shoots a bolt.
The bolt hits you!!
* * * LOW HITPOINT WARNING * * *
Unknown command.
Unknown command.
Okay, then.
The orc knight is no longer petrified.
The orc knight shoots a bolt.
The bolt hits you!
* * * LOW HITPOINT WARNING * * *
The orc knight shoots a bolt.
The bolt hits you!
You die...

▓▓▓▓▓▓▓▓▓▓▓▓▓▓▓▓▓▓▓▓▓▓▓▓▓▓▓▓▓▓▓
▓...)...3.....'............ooo$
▓)▓▓▓▓▓▓▓▓▓▓▓▓▓▓▓▓▓▓▓▓▓▓▓▓▓▓▓▓▓
▓.o44o......o.@..............).
▓▓▓▓▓▓▓▓▓▓▓▓▓▓▓▓▓▓▓▓▓▓▓▓▓▓▓▓▓▓▓
▓.......'.†..†).......'........
▓.▓▓▓▓▓▓▓▓▓▓▓▓▓▓▓▓▓▓▓▓▓▓▓▓▓▓▓▓▓
▓.÷÷...........................
▓▓▓▓▓▓▓▓▓▓▓▓▓▓▓▓▓▓▓▓▓▓▓▓▓▓▓▓▓▓▓
▓<..)')...)'.....'_____________
▓▓▓▓▓▓▓▓▓▓▓▓▓▓▓▓▓▓▓▓▓▓▓▓▓▓▓▓▓▓▓


You could see an orc knight.

Vanquished Creatures
  An ettin (D)
  A hydra (D)
  A centaur warrior (D)
  2 two-headed ogres (D)
  Urug (D)
  An orc knight (D)
  An ugly thing (D)
  A manticore (D)
  An orc sorcerer (D)
  4 cane toads (D)
  2 komodo dragons (D)
  A rime drake (D)
  A troll (D)
  4 polar bears (D)
  2 blink frogs (D)
  A slime creature (D)
  A shadow (D)
  A wyvern (D)
  2 yaks (D)
  3 water moccasins (D)
  4 black bears (D)
  3 orc warriors (D)
  An ogre (D)
  A centaur (D)
  4 bullfrogs (D)
  3 orc priests (D)
  An iguana (D)
  A sleepcap (D)
  3 orc wizards (D)
  An adder (D)
  8 orcs (D)
  A ball python (D)
  A goblin (D)
  A hobgoblin (D)
  A quokka (D)
  A bat (D)
  A rat (D)
68 creatures vanquished.

Notes
Turn   | Place    | Note
-------+----------+-------------------------------------------
     0 | D        | Groucho the Deep Elf Earth Elementalist began the quest for
                  | the Orb.
     0 | D        | Reached XP level 1. HP: 10/10 MP: 6/6
     6 | D        | Reached skill level 4 in Earth Magic
   350 | D        | Noticed an iguana
   350 | D        | Noticed an ogre
   350 | D        | Noticed a sleepcap
   355 | D        | Killed an iguana
   356 | D        | Reached skill level 5 in Spellcasting
   356 | D        | Reached skill level 6 in Earth Magic
   356 | D        | Reached XP level 2. HP: 15/15 MP: 4/10
   356 | D        | Reached XP level 3. HP: 19/19 MP: 4/12
   359 | D        | Killed an ogre
   360 | D        | Reached skill level 9 in Earth Magic
   360 | D        | Reached XP level 4. HP: 24/24 MP: 0/15
   364 | D        | Reached XP level 5. HP: 28/28 MP: 13/17
   372 | D        | Found a snail-covered altar of Cheibriados.
   372 | D        | Found a shadowy altar of Dithmenos.
   372 | D        | Found a white marble altar of Elyvilon.
   372 | D        | Found a blossoming altar of Fedhas.
   372 | D        | Found an opulent altar of Gozag.
   373 | D        | Found a hazy altar of Hepliaklqana.
   374 | D        | Found a viscous altar of Jiyva.
   375 | D        | Found an ancient bone altar of Kikubaaqudgha.
   376 | D        | Found a corrupted altar of Lugonu.
   377 | D        | Found a burning altar of Makhleb.
   378 | D        | Found a sparkling altar of Nemelex Xobeh.
   379 | D        | Found an iron altar of Okawaru.
   380 | D        | Found a stormy altar of Qazlal.
   381 | D        | Found a sacrificial altar of Ru.
   382 | D        | Found a shimmering blue altar of Sif Muna.
   383 | D        | Found a bloodstained altar of Trog.
   384 | D        | Found a hide-covered altar of Uskayaw.
   385 | D        | Found a radiant altar of Vehumet.
   386 | D        | Found an ornate altar of the Wu Jian Council.
   387 | D        | Found a shimmering altar of Xom.
   388 | D        | Found a basalt altar of Yredelemnul.
   389 | D        | Found a glowing silver altar of Zin.
   390 | D        | Became a worshipper of Sif Muna the Loreminder
   391 | D        | Found a glowing golden altar of the Shining One.
   436 | D        | Learned a level 3 spell: Stone Arrow
   441 | D        | Learned a level 4 spell: Petrify
   465 | D        | Noticed a yak
   465 | D        | Noticed a centaur
   465 | D        | Noticed a troll
   465 | D        | Noticed a yak
   465 | D        | Noticed a shadow
   467 | D        | Killed a yak
   468 | D        | Reached skill level 10 in Spellcasting
   468 | D        | Reached skill level 11 in Earth Magic
   468 | D        | Reached XP level 6. HP: 32/32 MP: 16/21
   469 | D        | Reached skill level 12 in Earth Magic
   473 | D        | Reached * piety under Sif Muna
   479 | D        | Killed a troll
   480 | D        | Reached skill level 14 in Earth Magic
   480 | D        | Reached XP level 7. HP: 27/36 MP: 10/24
   484 | D        | Killed a yak
   485 | D        | Reached skill level 1 in Fighting
   485 | D        | Reached skill level 1 in Short Blades
   485 | D        | Reached skill level 1 in Invocations
   492 | D        | Killed a shadow
   492 | D        | Reached ** piety under Sif Muna
   842 | D        | Noticed a white ugly thing
   842 | D        | Noticed a two-headed ogre
   842 | D        | Noticed a slime creature
   842 | D        | Noticed a centaur warrior
   842 | D        | Noticed a manticore
   842 | D        | Noticed a two-headed ogre
   850 | D        | Killed a white ugly thing
   851 | D        | Reached XP level 8. HP: 11/45 MP: 4/26
   907 | D        | Killed a two-headed ogre
  1186 | D        | Killed a slime creature
  1187 | D        | Reached skill level 5 in Transmutations
  1187 | D        | Reached XP level 9. HP: 35/51 MP: 13/28
  1256 | D        | Killed a centaur warrior
  1256 | D        | Reached *** piety under Sif Muna
  1257 | D        | Reached skill level 15 in Earth Magic
  1257 | D        | Reached skill level 5 in Invocations
  1547 | D        | Killed a manticore
  1548 | D        | Reached skill level 5 in Short Blades
  1583 | D        | Killed a two-headed ogre
  1584 | D        | Reached skill level 1 in Armour
  1584 | D        | Reached skill level 1 in Evocations
  1750 | D        | Got The Occult Testament of the Greatest Mummy
  1777 | D        | Noticed a cane toad
  1777 | D        | Noticed a cane toad
  2055 | D        | Reached **** piety under Sif Muna
  2057 | D        | Killed a cane toad
  2058 | D        | Reached skill level 1 in Necromancy
  2058 | D        | Reached skill level 1 in Fire Magic
  2058 | D        | Reached XP level 10. HP: 47/58 MP: 9/30
  2405 | D        | Killed a cane toad
  2407 | D        | Reached skill level 5 in Fighting
  2742 | D        | Reached ***** piety under Sif Muna
  2742 | D        | Received a gift from Sif Muna
  2813 | D        | Noticed a cane toad
  2825 | D        | Killed a cane toad
  2862 | D        | Reached skill level 1 in Summonings
  2865 | D        | Noticed a five-headed hydra
  2869 | D        | Reached skill level 10 in Conjurations
  2869 | D        | Noticed a cane toad
  3514 | D        | Killed a five-headed hydra
  3525 | D        | Killed a cane toad
  3525 | D        | Received a gift from Sif Muna
  3526 | D        | Got Sif Muna's Precepts of Gases and Transfiguration {god
                  | gift}
  4597 | D        | Reached XP level 11. HP: 64/64 MP: 28/31
  4747 | D        | Noticed Urug
  4759 | D        | Killed Urug
  4759 | D        | Received a gift from Sif Muna
  5091 | D        | Noticed an ettin
  5222 | D        | Received a gift from Sif Muna
  5223 | D        | Reached skill level 15 in Spellcasting
  5223 | D        | Got Sif Muna's Catalogue of Transmutation and Toxicants
                  | {god gift}
  5454 | D        | Killed an ettin
  5455 | D        | Reached skill level 5 in Necromancy
  5455 | D        | Reached skill level 16 in Earth Magic
  5455 | D        | Reached skill level 5 in Evocations
  6118 | D        | Learned a level 5 spell: Irradiate
  6157 | D        | Noticed an orc knight
  6157 | D        | Noticed an orc sorcerer
  6157 | D        | Noticed an orc knight
  6180 | D        | Gained mutation: Your magical capacity is low. (-10% MP) [a
                  | neqoxec]
  6725 | D        | Killed an orc knight
  6745 | D        | Killed an orc sorcerer
  7309 | D        | Received a gift from Sif Muna
  7309 | D        | Reached ****** piety under Sif Muna
  7317 | D        | Learned a level 5 spell: Lee's Rapid Deconstruction
  7395 | D        | Reached skill level 5 in Fire Magic
  7453 | D        | Shot with a bolt by an orc knight

Illustrated notes

Levels and vault maps discovered:
D:        linesprint [early_d, line_temple, items_1, d_10, items_2, lair_1,
          lair_end, items_3, orc_1, orc_end, items_4, d_15, swamp_1, shoals_1,
          snake_1, spider_1, d_20, vaults_1, items_5, swamp_end, shoals_end,
          snake_end, spider_end, vaults_end, d_27, items_6, zot_1, zot_end,
          crypt_end, forest_end, elf_end, slime_end, tomb_end, abyss_end,
          pan_hell_end]

Skill      XL: |  1  2  3  4  5  6  7  8  9 10 11 |
---------------+----------------------------------+-----
Earth Magic    | 6 9 11 14 15 16 | 16.1
Spellcasting   | 5 7 8 10 12 13 14 15 | 15.0
Fighting       | 2 3 4 5 6 |  6.2
Short Blades   | 3 4 5 6 7 |  7.4
Stealth        | 4 6 7 8 9 |  9.8
Conjurations   | 4 6 9 10 11 | 11.5
Transmutations | 3 5 6 7 8 |  8.2
Invocations    | 3 4 6 7 8 |  8.1
Armour         | 1 3 4 |  4.0
Evocations     | 2 4 5 |  5.5
Necromancy     | 1 4 5 |  5.6
Fire Magic     | 1 3 5 |  5.0
Summonings     | 3 4 |  4.2
Dodging        | |  2.4

Action                     |  1- 3 |  4- 6 |  7- 9 | 10-12 || total
---------------------------+-------+-------+-------+-------++-------
  Melee: Unarmed           |       |       |     1 |       ||     1
         Rapier            |       |       |     7 |    41 ||    48
         Punch             |       |       |       |     1 ||     1
   Cast: Sandblast         |    14 |    11 |       |       ||    25
         Stone Arrow       |       |     1 |    34 |    63 ||    98
         Petrify           |       |       |     3 |    38 ||    41
 Invoke: Channel Magic     |       |       |     1 |     1 ||     2
    Use: Potion            |     2 |     2 |     3 |     2 ||     9
         Scroll            |       |       |     1 |     1 ||     2
   Stab: Petrified         |       |       |     6 |    32 ||    38
         Petrifying        |       |       |     1 |       ||     1
 Armour: Robe              |       |       |     6 |     5 ||    11
  Dodge: Dodged            |     4 |     3 |    10 |    23 ||    40
